AoeStats
← WoodHyperion307

Arabia

510401977Analyzed
3v3 RM · 2d ago on Sep 30, 2026· 59m 19s· 6 players
Game mode
Random Map
Map size
Normal (6 player)
Population
200
Speed
Normal
Resources
Standard
Victory
Conquest
Starting age
Dark Age
Ending age
Imperial Age
RankedLock teamsTeams togetherTeam positionsShared explorationLock speedFull tech treeHidden civsTurbo modeCheats
Victory
Defeat
🇩🇪 Huns · Germany
1000
+24
🇩🇪 Mongols · Germany
812
+12
738
+18
🇪🇸 Romans · Spain
778
-27
🇪🇸 Spanish · Spain
773
-12
🇪🇸 Khmer · Spain
637
-8
Lima3
11:55 Feudal Age
12:41 Double-Bit Axe
12:46 Horse Collar
14:25 Wheelbarrow
22:03 Castle Age
20:26 Gold Mining
21:25 Forging
22:43 Scale Mail Armor
23:20 Iron Casting
25:17 Gambesons
25:22 Pikeman
28:48 Hand Cart
31:03 Padded Archer Armor
31:10 Scale Barding Armor
31:23 Chain Mail Armor
30:59 Fletching
31:15 Squires
31:46 Caravan
32:02 Stone Mining
34:41 Loom
38:04 Imperial Age
38:23 Chain Barding Armor
39:47 Chemistry
39:03 Bow Saw
38:55 Heavy Plow
40:06 Blast Furnace
42:34 Plate Mail Armor
43:00 Elite Conquistador
43:59 Thumb Ring
44:44 Bombard Tower
44:10 Arrowslits
46:20 Halberdier
Ugomez
10:52 Feudal Age
16:02 Castle Age
14:17 Man-at-Arms
18:40 Long Swordsman
21:11 Scale Mail Armor
33:17 Ballistas
35:55 Double-Bit Axe
35:54 Horse Collar
36:07 Gold Mining
44:38 Ballistics
44:37 Chain Mail Armor
44:32 Forging
48:15 Imperial Age
46:41 Caravan
55:10 Imperial Age
53:50 Iron Casting
57:41 Heavy Scorpion
SeTaZ
11:08 Feudal Age
12:24 Double-Bit Axe
12:22 Horse Collar
23:27 Castle Age
22:00 Stone Mining
24:20 Bloodlines
24:13 Gold Mining
24:37 Bow Saw
32:25 Tusk Swords
37:02 Heavy Plow
45:20 Gold Shaft Mining
45:21 Stone Shaft Mining
49:07 Ballistics
52:29 Crossbowman
Hopser
7:56 Loom
9:56 Feudal Age
12:39 Double-Bit Axe
21:27 Castle Age
22:51 Bloodlines
22:42 Husbandry
27:49 Forging
27:45 Scale Barding Armor
30:51 Bow Saw
30:56 Horse Collar
37:02 Fletching
37:13 Padded Archer Armor
37:48 Iron Casting
37:34 Chain Barding Armor
37:55 Heavy Plow
41:18 Gold Mining
44:44 Imperial Age
43:23 Thumb Ring
45:55 Cavalier
48:43 Ballistics
49:24 Chemistry
52:37 Elite Mangudai
53:33 Town Watch
54:23 Wheelbarrow
55:22 Gold Shaft Mining
58:47 Hoardings
58:36 Conscription
58:22 Bodkin Arrow
58:42 Leather Archer Armor
59:29 Blast Furnace
59:02 Hand Cart
[BOG]#Der Benzinpreisvergleicher
12:56 Feudal Age
14:39 Loom
18:09 Castle Age
17:12 Wheelbarrow
20:38 Wheelbarrow
23:42 Imperial Age
22:04 Double-Bit Axe
23:52 Bow Saw
24:53 Gold Mining
31:27 Stone Mining
33:39 Stone Shaft Mining
37:06 Two-Man Saw
38:52 Conscription
38:49 Fletching
39:30 Bodkin Arrow
43:02 Elite Organ Gun
45:17 Bracer
46:53 Siege Engineers
46:46 Murder Holes
47:52 Chemistry
47:03 Masonry
49:19 Coinage
50:16 Arquebus
57:35 Architecture
57:26 Bombard Tower
57:27 Ballistics
56:47 Treadmill Crane
57:58 Banking
57:38 Guilds
WoodHyperion307
12:16 Feudal Age
15:25 Double-Bit Axe
19:04 Castle Age
19:12 Castle Age
18:51 Forging
19:55 Wheelbarrow
19:12 Horse Collar
19:51 Scale Mail Armor
20:31 Heavy Plow
20:44 Bow Saw
21:55 Iron Casting
21:22 Man-at-Arms
22:45 Long Swordsman
26:51 Chain Mail Armor
29:05 Scale Barding Armor
31:40 Pikeman
32:28 Squires
41:37 Imperial Age
43:22 Blast Furnace
42:51 Hand Cart
43:46 Two-Man Saw
42:42 Gold Mining
43:56 Chain Barding Armor
44:15 Cavalier
44:19 Halberdier
45:25 Paladin
55:30 Plate Barding Armor
57:18 Two-Handed Swordsman
Connection lost

Rejoining the realm…

Still unreachable

The connection could not be restored.

Session expired

The server has moved on; the page needs a fresh start.